 Dungeon Crawl Stone Soup version 0.29.1-2-gbd0b4ee654 (webtiles) character file.

Game seed: 17620167175525797810

8488 stoykobg the Trooper (level 11, -4/79 (92) HPs)
             Began as a Green Draconian Enchanter on Nov 5, 2022.
             Was a High Priest of Okawaru.
             Killed from afar by Nergalle (30 damage)
             ... with a bolt of negative energy
             ... on level 1 of the Lair of Beasts.
             The game lasted 03:37:42 (14677 turns).

stoykobg the Trooper (Green Draconian Enchanter)   Turns: 14677, Time: 03:37:46

HP:   -4/79 (92)    AC: 15    Str: 10    XL:     11   Next: 10%
MP:   4/17          EV: 18    Int: 16    God:    Okawaru [*****.]
Gold: 591           SH: 13    Dex: 21    Spells: 13/19 levels left

rFire   . . .      SeeInvis .   z - +3 short sword (protect)
rCold   . . .      Faith    .   m - +0 kite shield
rNeg    . . .      Spirit   .   (body armour unavailable)
rPois   +          Reflect  .   X - +2 hat
rElec   .          Harm     .   (no cloak)
rCorr   .          Rampage  .   g - -2 pair of gloves of Analysis {Will+ Dex+5}
Will    ++...                   (no boots)
Stlth   +++++.....              (no amulet)
HPRegen 0.23/turn               x - ring of poison resistance
MPRegen 0.15/turn               K - ring of willpower

@: heroic, under a protective aura, studying Unarmed Combat, heavily drained
A: breathe noxious fumes, AC +7, unfitting armour, poison resistance,
cold-blooded
a: Breathe Noxious Fumes, Renounce Religion, Heroism, Finesse, Duel


You were on level 1 of the Lair of Beasts.
You worshipped Okawaru.
Okawaru was extremely pleased with you.
You visited 2 branches of the dungeon, and saw 9 of its levels.
You also visited: Bailey.

You collected 591 gold pieces.

Inventory:

Hand Weapons
 f - the +1 broad axe of Vimoin Vaps {speed, Int+2}
   (You found it in a bailey)

   Attacks with this weapon are significantly faster.
   Int:       It affects your intelligence (+2).
 o - a +0 antimagic dagger
 p - a +1 whip of flaming
 z - a +3 short sword of protection (weapon)
 A - a +3 sling of freezing
 D - a +6 dire flail
 M - a +5 scimitar
 U - a +2 vorpal hand axe
 V - a +2 vorpal war axe
Missiles
 h - 85 stones
 H - 6 boomerangs
 I - 22 poisoned darts
 R - 6 atropa-tipped darts
 T - a throwing net
Armour
 g - the -2 pair of gloves of Analysis (worn) {Will+ Dex+5}
   (You acquired it on level 7 of the Dungeon)

   Dex:       It affects your dexterity (+5).
   Will:      It increases your willpower.
 m - a +0 kite shield (worn)
 P - a +0 buckler
 W - +0 steam dragon scales
 X - a +2 hat (worn)
 Y - the +0 hat "Ocwuc" {Int+2}
   (Okawaru gifted it to you on level 1 of the Lair of Beasts)

   Int:       It affects your intelligence (+2).
Magical Staves
 Q - a staff of earth
Jewellery
 x - a ring of poison resistance (left hand)
 K - a ring of willpower (right hand)
Wands
 v - a wand of digging (4)
 E - a wand of flame (38)
 L - a wand of iceblast (23)
 O - a wand of paralysis (12)
Scrolls
 a - 2 scrolls of summoning {unknown}
 d - a scroll of brand weapon {unknown}
 e - 2 scrolls of torment
 n - 2 scrolls of immolation {unknown}
 q - 5 scrolls of noise
 r - a scroll of enchant armour
 s - 4 scrolls of identify
 t - 2 scrolls of magic mapping {unknown}
 u - 3 scrolls of amnesia {unknown}
 w - a scroll of enchant weapon
 y - 3 scrolls of teleportation
 C - 3 scrolls of vulnerability
 G - 2 scrolls of fog
Potions
 b - 2 potions of resistance {unknown}
 c - a potion of berserk rage {unknown}
 i - 2 potions of mutation {unknown}
 k - 3 potions of haste {unknown}
 l - a potion of cancellation {unknown}
 B - a potion of ambrosia {unknown}
 F - a potion of invisibility
 J - a potion of might {unknown}
 N - 2 potions of brilliance {unknown}
 S - a potion of flight {unknown}


   Skills:
 * Level 7.6(12.6) Fighting
 + Level 5.9(10.9) Short Blades
 - Level 6.0(11.0) Ranged Weapons
 - Level 0.2(5.2) Throwing
 + Level 5.4(10.4) Dodging
 + Level 6.2(11.2) Stealth
 + Level 5.7(10.7) Shields
 + Level 4.6 Spellcasting
 + Level 5.7 Hexes
 - Level 3.1 Ice Magic
 * Level 2.0 Invocations
 - Level 1.0 Evocations


You had 13 spell levels left.
You knew the following spells:

 Your Spells              Type           Power      Damage    Failure   Level
a - Ensorcelled Hibernat  Hex/Ice        36%        N/A       9%          2
b - Freeze                Ice            52%        1d7       9%          1
c - Frozen Ramparts       Ice            26%        1d4       26%         3

Your spell library contained the following spells:

 Spells                   Type           Power      Damage    Failure   Level
 Confusing Touch          Hex            22%        N/A       10%         3
 Dazzling Flash           Conj/Hex       24%        N/A       30%         3
 Inner Flame              Hex/Fire       12%        N/A       30%         3
 Cause Fear               Hex            11%        N/A       30%         4
 Apportation              Tloc           6%         N/A       34%         1
 Necrotise                Necr           12%        1d4       34%         1
 Passwall                 Tmut/Erth      2%         N/A       45%         2
 Scorch                   Fire           6%         2d5       45%         2
 Stone Arrow              Conj/Erth      6%         3d7       71%         3
 Swiftness                Air            3%         N/A       71%         3
 Hailstorm                Conj/Ice       8%         3d4       87%         4
 Flame Wave               Conj/Fire      3%         2d5       98%         4
 Borgnjor's Revivificati  Necr           1%         N/A       100%        8
 Discord                  Hex            11%        N/A       100%        8
 Lehudib's Crystal Spear  Conj/Erth      1%         10d2      100%        8
 Necromutation            Tmut/Necr      1%         N/A       100%        8
 Death's Door             Necr           1%         N/A       100%        9
 Tukima's Dance           Hex            Unusable   N/A       N/A         3
 Summon Small Mammal      Summ           Unusable   N/A       N/A         1
 Animate Armour           Summ/Erth      Unusable   N/A       N/A         4
 Summon Cactus Giant      Summ           Unusable   N/A       N/A         6

Dungeon Overview and Level Annotations

Branches:
Dungeon (8/15)             Temple (0/1) D:4            Lair (1/5) D:8
 Bailey (visited)

Altars:
Elyvilon
Gozag
Okawaru
Yredelemnul
The Shining One

Annotations:
D:8 3 runed translucent doors, predelnik's ghost, novice TrWr
Lair:1 Fannar; Gastronok; Nergalle


Innate Abilities, Weirdness & Mutations

You can breathe blasts of noxious fumes.
Your lurid green scales are hard. (AC +7)
You cannot fit into any form of body armour.
Your system is resistant to poisons. (rPois)
You are cold-blooded and may be slowed by cold attacks.


Message History

You block the spectral orc knight's attack.
The spectral orc warrior hits you with a +0 mace.
The spectral orc warrior misses you.
The spectral orc warrior closely misses you.
You hit Nergalle but do no damage.
You tail-slap Nergalle, but do no damage.
Nergalle is almost dead.
Nergalle hits you with a +0 dagger of venom.
You block the spectral orc warrior's attack.
The spectral orc knight closely misses you.
The spectral orc warrior closely misses you.
You hit Nergalle.
Your tail-slap misses Nergalle.
Nergalle is almost dead.
You block the spectral orc warrior's attack.
The spectral orc warrior misses you.
You block the spectral orc warrior's attack.
The spectral orc warrior barely misses you.
Nergalle points at you and mumbles some strange words.
Orcish apparitions take form around you.
You barely miss Nergalle.
Nergalle is almost dead.
The spectral orc warrior hits you with a +0 war axe!
You feel drained. The spectral orc knight misses you.
You block the spectral orc warrior's attack. x2
The spectral orc warrior hits you but does no damage.
Unknown command.
You hit Nergalle.
Your tail-slap misses Nergalle.
Nergalle is almost dead.
You block the spectral orc warrior's attack.
Nergalle hits you with a +0 dagger of venom.
You block the spectral orc warrior's attack.
You block the spectral orc knight's attack.
You hit Nergalle but do no damage.
Nergalle is almost dead.
The spectral orc warrior hits you but does no damage.
You block the spectral orc warrior's attack.
The spectral orc warrior completely misses you.
Nergalle gestures at you while chanting.
The bolt of negative energy hits you!!
You feel drained.
You die...

.#..#..........#.####)#####......
#..............P.#..#.##.#.......
................................F
....##..#.###.##.................
.................................
.................................
......####..#..#.................
......#.......ZZZZ..........>....
##.............#@Z####.##.P#..##.
......#.......ZZZo##########..##.
.#....#.......Z#Z.##......##.....
.#....#........#..##......##..##.
...............#..##......##.....
......#........#..........##..#P.
.#..†.#........#..........##..##.
#.....#........#..##..#..###...#.
......#........#..#......###....#


You could see Nergalle, 2 spectral orcs, 6 spectral orc warriors and 2 spectral
orc knights.

Vanquished Creatures
  Pikel (D:4)
  An orc knight (Bailey)
  3 elephants (Lair:1)
  2 cane toads (Lair:1)
  Maggie (D:8)
  3 unseen horror zombies (D:8)
  2 rime drakes (Lair:1)
  Prince Ribbit (D:8)
  A steam dragon (D:6)
  3 water moccasins
  10 orc warriors (Bailey)
  A black bear (D:4)
  3 wolves (Lair:1)
  2 lemures (D:4)
  3 phantoms
  A kobold brigand (D:7)
  4 bullfrogs
  2 necrophages
  2 wyvern zombies (D:8)
  A scorpion (D:6)
  11 wights (D:8)
  3 killer bees (D:8)
  A howler monkey (D:6)
  3 jellies
  3 centaur zombies (D:8)
  3 orc priests
  2 gnoll boudas (D:7)
  Natasha (thrice) (D:3)
  4 orc wizards
  An iguana (D:7)
  A howler monkey zombie (D:8)
  Robin (D:2)
  7 adders
  20 gnolls
  2 shadow imps (D:5)
  3 white imps
  3 worms
  5 dart slugs
  19 orcs
  6 endoplasms
  3 giant cockroaches
  19 goblins
  19 hobgoblins
  10 jackals
  11 kobolds
  7 quokkas
  11 ball pythons
  4 bats
  4 frilled lizards
  5 rats
241 creatures vanquished.

Vanquished Creatures (others)
  8 fungi (Lair:1)
  6 plants (Lair:1)
  A withered plant (D:8)
15 creatures vanquished.

Grand Total: 256 creatures vanquished

Notes
Turn   | Place    | Note
-------+----------+-------------------------------------------
     0 | D:1      | stoykobg the Draconian Enchanter began the quest for the
                  | Orb.
     0 | D:1      | Reached XP level 1. HP: 14/14 MP: 3/3
    18 | D:1      | Found a faded altar of an unknown god.
    20 | D:1      | Noticed a great orb of eyes
    25 | D:1      | Noticed a floating eye
   563 | D:1      | Reached XP level 2. HP: 22/22 MP: 5/5
   584 | D:1      | Learned a level 2 spell: Ensorcelled Hibernation
  1149 | D:1      | Reached skill level 1 in Fighting
  1555 | D:1      | Reached XP level 3. HP: 28/28 MP: 6/6
  1583 | D:1      | Noticed a floating eye
  1605 | D:1      | Noticed a golden eye
  2177 | D:2      | Noticed Robin
  2204 | D:2      | Killed Robin
  2456 | D:2      | Found a basalt altar of Yredelemnul.
  2610 | D:2      | Reached skill level 2 in Fighting
  2610 | D:2      | Reached XP level 4. HP: 25/36 MP: 5/7
  3391 | D:3      | Found a white marble altar of Elyvilon.
  3473 | D:3      | Reached XP level 5. HP: 39/42 MP: 8/8
  3478 | D:3      | Reached skill level 1 in Ranged Weapons
  3604 | D:3      | Noticed Natasha
  3608 | D:3      | Killed Natasha
  3725 | D:3      | Noticed Natasha
  3729 | D:3      | Killed Natasha
  3797 | D:3      | Noticed Natasha
  3802 | D:3      | Killed Natasha
  4069 | D:4      | Reached skill level 3 in Fighting
  4069 | D:4      | Found a glowing golden altar of the Shining One.
  4073 | D:4      | Found an iron altar of Okawaru.
  4101 | D:4      | Reached skill level 1 in Ice Magic
  4101 | D:4      | Reached XP level 6. HP: 51/51 MP: 9/9
  4115 | D:4      | Became a worshipper of Warmaster Okawaru
  4201 | D:4      | Noticed Pikel
  4727 | D:4      | Found a staircase to the Ecumenical Temple.
  4795 | D:4      | Learned a level 1 spell: Freeze
  5771 | D:4      | Your scales start taking on a lurid green colour.
  5771 | D:4      | Reached XP level 7. HP: 44/58 MP: 10/10
  5771 | D:4      | Gained mutation: Your system is resistant to poisons.
                  | (rPois) [Green Draconian growth]
  6022 | D:4      | Killed Pikel
  6022 | D:4      | Reached * piety under Okawaru
  6023 | D:4      | Reached skill level 4 in Fighting
  6288 | D:5      | Entered Level 5 of the Dungeon
  6496 | D:5      | Reached XP level 8. HP: 67/67 MP: 11/11
  6496 | D:5      | Reached ** piety under Okawaru
  6880 | D:5      | Learned a level 3 spell: Frozen Ramparts
  7316 | D:6      | Reached skill level 1 in Shields
  7326 | D:6      | Reached skill level 5 in Fighting
  7432 | D:6      | Found an opulent altar of Gozag.
  8310 | D:7      | Found a flagged portal.
  8321 | Bailey   | Entered a bailey
  8577 | Bailey   | Reached XP level 9. HP: 35/74 MP: 10/14
  8870 | Bailey   | Reached *** piety under Okawaru
  9167 | Bailey   | Noticed an orc knight
  9187 | Bailey   | Killed an orc knight
  9188 | Bailey   | Reached skill level 5 in Ranged Weapons
  9188 | Bailey   | Reached skill level 5 in Stealth
  9462 | Bailey   | Noticed an orc warlord
  9908 | Bailey   | Identified the +1 broad axe of Vimoin Vaps {speed, Int+2}
 10181 | D:7      | Acquired the -2 pair of gloves of Analysis {Will+ Dex+5}
 10241 | D:7      | Reached skill level 6 in Fighting
 10698 | D:7      | Reached skill level 5 in Short Blades
 11387 | D:8      | Noticed Prince Ribbit
 11400 | D:8      | Killed Prince Ribbit
 11400 | D:8      | Reached **** piety under Okawaru
 11401 | D:8      | Reached XP level 10. HP: 69/83 MP: 16/16
 11802 | D:8      | Reached skill level 5 in Shields
 12155 | D:8      | Found a staircase to the Lair.
 12183 | D:8      | Reached skill level 5 in Hexes
 13005 | D:8      | Noticed Maggie
 13042 | D:8      | Killed Maggie
 13042 | D:8      | Reached ***** piety under Okawaru
 13042 | D:8      | Received a gift from Okawaru
 13043 | D:8      | Reached skill level 5 in Dodging
 13269 | D:8      | Found a runed translucent gate.
 13269 | D:8      | Found a runed translucent gate.
 13269 | D:8      | Found a runed translucent gate.
 13272 | D:8      | Noticed predelnik's ghost (novice TrWr)
 13411 | Lair:1   | Entered Level 1 of the Lair of Beasts
 13538 | Lair:1   | Reached skill level 7 in Fighting
 13709 | Lair:1   | Noticed a cane toad
 13717 | Lair:1   | Noticed Fannar
 13943 | Lair:1   | Noticed an elephant
 13968 | Lair:1   | Killed an elephant
 13969 | Lair:1   | Reached skill level 1 in Evocations
 13973 | Lair:1   | Noticed an elephant
 13991 | Lair:1   | Noticed an elephant
 14046 | Lair:1   | Killed an elephant
 14046 | Lair:1   | Identified the +0 hat "Ocwuc" {Int+2} (Okawaru gifted it to
                  | you on level 1 of the Lair of Beasts)
 14046 | Lair:1   | Received a gift from Okawaru
 14052 | Lair:1   | Killed an elephant
 14053 | Lair:1   | Reached skill level 1 in Invocations
 14083 | Lair:1   | Killed a cane toad
 14084 | Lair:1   | Reached XP level 11. HP: 51/92 MP: 10/17
 14412 | Lair:1   | Noticed Gastronok
 14602 | Lair:1   | Noticed Nergalle
 14671 | Lair:1   | Noticed a spectral orc warlord
 14677 | Lair:1   | Killed from afar by Nergalle

Illustrated notes

Levels and vault maps discovered:
D:1:      evilmike_arrival_crescent, layout_basic,
          hellmonk_ecumenical_altar_watching_god, st_stairs_6,
          chequers_arboretum, kennysheep_nondescript
D:2:      layout_basic, basic_altar, uniq_robin
D:3:      layout_basic, mainiacjoe_overflow_boulevard, uniq_natasha
D:4:      layout_basic, jmf_multi_god_temple, minmay_temple_entry_mist,
          uniq_pikel
D:5:      layout_loops_cross, hangedman_decor_riveting, minmay_crystal_room,
          kennysheep_windowed_goal
D:6:      layout_loops_cross, nicolae_gozag_cash_rules_everything_around_me
D:7:      layout_gridville, enter_bailey_2, corexii_leaking_fountain
D:8:      layout_loops_cross, lair_entry_dummy, gammafunk_ghost_ooze,
          serial_undead, serial_undead_f, serial_undead_a, serial_undead_a,
          serial_undead_b, uniq_maggie, uniq_prince_ribbit1
Lair:1:   layout_regular_city, lemuel_fruit_tree, uniq_nergalle, uniq_fannar,
          uniq_gastronok

Skill      XL: |  1  2  3  4  5  6  7  8  9 10 11 |
---------------+----------------------------------+-----
Dodging        | 2 3 4 5 |  5.4
Fighting       | 1 2 3 4 5 6 7 |  7.6
Stealth        | 3 4 5 6 |  6.2
Short Blades   | 2 3 4 5 |  5.9
Hexes          | 3 4 5 |  5.7
Ranged Weapons | 1 2 3 4 5 6 |  6.0
Ice Magic      | 1 2 3 |  3.1
Shields        | 2 4 5 |  5.7
Spellcasting   | 3 4 |  4.6
Evocations     | 1 |  1.0
Invocations    | 1 2 |  2.0
Throwing       | |  0.2

Action                   |  1- 3 |  4- 6 |  7- 9 | 10-12 || total
-------------------------+-------+-------+-------+-------++-------
Melee: Dagger            |   158 |       |       |    39 ||   197
       Tailslap          |    16 |    13 |    57 |    91 ||   177
       Punch             |     4 |     1 |     1 |       ||     6
       Sling             |       |     1 |       |     1 ||     2
       Short sword       |       |    63 |   328 |   341 ||   732
       Scimitar          |       |       |       |    10 ||    10
 Fire: Sling             |    17 |   190 |   131 |    16 ||   354
Throw: Throwing net      |       |     3 |       |       ||     3
       Dart              |       |       |     4 |       ||     4
 Cast: Ensorcelled Hiber |     1 |       |    12 |     4 ||    17
       Freeze            |       |     2 |    21 |     7 ||    30
       Frozen Ramparts   |       |       |     2 |     2 ||     4
Invok: Heroism           |       |       |     3 |     2 ||     5
 Abil: Breathe Noxious F |       |       |    22 |     9 ||    31
Evoke: Wand              |       |     1 |     1 |       ||     2
  Use: Potion            |     2 |       |     4 |     4 ||    10
       Scroll            |       |       |    18 |     1 ||    19
 Stab: Sleeping          |     3 |       |     8 |     3 ||    14
       Distracted        |     1 |       |       |       ||     1
       Confused          |       |       |    17 |    16 ||    33
       Invisible         |       |       |     4 |       ||     4
Armor: Skin              |    44 |    66 |    99 |   151 ||   360
Dodge: Dodged            |   109 |   131 |   215 |   269 ||   724
Block: Buckler           |       |       |    69 |   113 ||   182
       Kite shield       |       |       |       |    23 ||    23
